[Event "24th Mediterranean Flower 2024"]
[Site "Rijeka"]
[Date "2024.03.09"]
[Round "9.5"]
[White "Zagorac, Lara"]
[Black "Urh, Zala"]
[Result "1/2-1/2"]
[ECO "D77"]
[WhiteElo "1894"]
[BlackElo "2287"]
[Annotator "TA"]
[PlyCount "52"]
[EventDate "2024.03.04"]
[EventType "tourn"]
[EventCountry "CRO"]
[SourceTitle "playchess.com"]
[Source "ChessBase"]
[SourceQuality "1"]
[TimeControl "5400+30"]

1. Nf3 Nf6 2. g3 g6 3. Bg2 Bg7 4. O-O d5 5. d4 O-O 6. c4 dxc4 7. Na3 c3 8. bxc3 c5 9. Nc2 Nc6 10. Ba3 Ne4 11. Bxc5 (11. Qd3 $11) 11... Nxc5 $15 12. dxc5 Qa5 13. Nfd4 Qxc5 14. Nxc6 {[%emt 0:02:01] The position is equal.} bxc6 15. Nd4 Rd8 (15... Qxc3 16. Nxc6 Qf6 17. Rb1 $14) 16. Qa4 Bxd4 ({Reject} 16... Qxc3 $6 17. Qxc6 (17. Nxc6 Bd7 $16) 17... Qxc6 (17... Qxd4 18. Qxa8 $16) 18. Nxc6 $16) 17. cxd4 Rxd4 18. Qxc6 Qxc6 19. Bxc6 Rb8 20. Rfd1 {[%emt 0:03:19] Inhibits Rd2.} Rxd1+ 21. Rxd1 $11 {[%emt 0:00:10][%mdl 4096] Endgame. KRB-KRB} Bh3 22. a4 Rb2 23. Bb5 Ra2 24. f3 a6 25. Bxa6 Rxa4 26. Bd3 h5 {[%emt 0:04:07] Weighted Error Value: White=0.11 (very precise) /Black=0.05 (flawless) .  Mistake:       	White=1     	---        OK:         	White=7     	Black=6      Best:        	White=1     	Black=1} 1/2-1/2